 Dungeon Crawl Stone Soup version 0.23-a0-49-gd9f7a49 (webtiles) character file.

14621 galech the Cleaver (level 11, -7/101 HPs)
             Began as a Minotaur Fighter on Aug 6, 2018.
             Was a Priest of Makhleb.
             Mangled by a komodo dragon (12 damage)
             ... on level 3 of the Lair of Beasts.
             The game lasted 00:13:04 (8916 turns).

galech the Cleaver (Minotaur Fighter)               Turns: 8916, Time: 00:13:05

Health: -7/101     AC: 12    Str: 28    XL:     11   Next: 91%
Magic:  15/15      EV: 11    Int:  5    God:    Makhleb [***...]
Gold:   560        SH: 13    Dex: 13    Spells: 10/10 levels left

rFire    + + .     SeeInvis .   t - +1 hand axe (elec)
rCold    . . .     Gourm    .   c - +0 shield
rNeg     . . .     Faith    .   u - +2 ring mail {rF+}
rPois    .         Spirit   .   (helmet restricted)
rElec    .         Reflect  .   (no cloak)
rCorr    .         Harm     .   i - +2 pair of gloves {Str+3}
MR       .....                  (no boots)
Stlth    +.........             (no amulet)
HPRegen  0.26/turn              h - +4 ring of strength
MPRegen  0.14/turn              p - ring of protection from fire

@: no status effects
A: retaliatory headbutt, horns 2
a: Minor Destruction, Lesser Servant of Makhleb, Renounce Religion


You were on level 3 of the Lair of Beasts.
You worshipped Makhleb.
Makhleb was most pleased with you.
You were not hungry.

You visited 3 branches of the dungeon, and saw 13 of its levels.

You collected 560 gold pieces.

Inventory:

Hand Weapons
 a - a +0 war axe
 t - a +1 hand axe of electrocution (weapon)
 Q - a +2 scimitar of flaming
Armour
 c - a +0 shield (worn)
 i - a +2 pair of gloves of strength (worn)
 u - a +2 ring mail of fire resistance (worn)
 R - a +1 robe of cold resistance
Jewellery
 h - a +4 ring of strength (left hand)
 o - an uncursed ring of see invisible
 p - a ring of protection from fire (right hand)
 y - an uncursed ring of stealth
 I - an uncursed ring of positive energy
Wands
 C - a wand of iceblast (12)
 E - a wand of random effects (31)
 H - a wand of disintegration (15)
 J - a wand of polymorph (18)
 M - a wand of flame (29)
 P - a wand of paralysis (14)
 T - a wand of clouds (3)
Scrolls
 b - 2 scrolls of amnesia
 g - a scroll of immolation
 j - 5 scrolls of enchant weapon
 n - 4 scrolls of remove curse
 r - 3 scrolls of fear
 x - 9 scrolls of teleportation
 A - 4 scrolls of blinking
 B - 4 scrolls of fog {unknown}
 D - 3 scrolls of random uselessness {unknown}
 K - a scroll of magic mapping {unknown}
 L - a scroll of silence {unknown}
 N - 2 scrolls of enchant armour {unknown}
 U - a scroll of noise {unknown}
Potions
 d - 2 potions of might
 e - 7 potions of curing
 k - 5 potions of agility
 l - a potion of flight {unknown}
 m - 2 potions of haste
 q - 2 potions of heal wounds {unknown}
 s - 3 potions of lignification
 v - a potion of degeneration {unknown}
 w - 3 potions of resistance
 z - a potion of mutation {unknown}
 F - a potion of ambrosia {unknown}
 G - 3 potions of magic
 O - a potion of invisibility {unknown}
Comestibles
 f - 15 rations


   Skills:
 + Level 10.6 Fighting
 + Level 11.6 Axes
 + Level 10.7 Armour
 - Level 3.0 Dodging
 - Level 1.1 Stealth
 + Level 10.9 Shields
 + Level 7.6 Invocations


You had 10 spell levels left.
You didn't know any spells.
Your spell library contained the following spells:

 Spells                   Type           Power        Failure   Level  Hunger
 Apportation              Tloc           #.....       77%         1    ##.....
 Confuse                  Hex            #.......     98%         3    ####...
 Summon Small Mammal      Summ           #...         77%         1    ##.....
 Animate Skeleton         Necr           N/A          77%         1    ##.....
 Tukima's Dance           Hex            #.......     98%         3    ####...
 Confusing Touch          Hex            #.....       77%         1    ##.....
 Ensorcelled Hibernation  Hex/Ice        #.....       88%         2    ###....
 Corona                   Hex            #......      77%         1    ##.....
 Dazzling Spray           Conj/Hex       #.....       98%         3    ####...


Dungeon Overview and Level Annotations

Branches:
Dungeon (9/15)             Temple (1/1) D:6            Lair (3/6) D:9
  Swamp: Lair:2-4    Shoals: Lair:2-4     Snake: Lair:2-4    Spider: Lair:2-4
    Orc: D:9-12

Altars:
Ashenzari
Cheibriados
Dithmenos
Elyvilon
Gozag
Hepliaklqana
Kikubaaqudgha
Makhleb
Okawaru
Qazlal
Ru
Sif Muna
Trog
Uskayaw
Vehumet
Wu Jian
Xom
Yredelemnul
Zin
The Shining One

Shops:
D:7 %


Innate Abilities, Weirdness & Mutations

You reflexively headbutt those who attack you in melee.
You have a pair of horns on your head.


Message History

The komodo dragon misses you. You furiously retaliate!
You headbutt the komodo dragon. You completely miss the komodo dragon.
Your headbutt misses the komodo dragon.
The komodo dragon is severely wounded.
You completely miss the komodo dragon. Your headbutt misses the komodo dragon.
The komodo dragon is severely wounded.
The komodo dragon bites you!
* * * LOW HITPOINT WARNING * * *
You hit the komodo dragon but do no damage.
The komodo dragon is severely wounded.
You block the komodo dragon's attack.
You completely miss the komodo dragon. You headbutt the komodo dragon.
The komodo dragon is almost dead.
You barely miss the komodo dragon.
The komodo dragon is almost dead.
You block the komodo dragon's attack.
You closely miss the komodo dragon. Your headbutt misses the komodo dragon.
The komodo dragon is almost dead.
The komodo dragon bites you!
You die...

# ######.#
#.#.#P#..#
.........###
#.#.....#
#...##<.#
#####.####....#
#.#..#.# ##P..#
#....#.# #....
###....#@# .....P
#......l####
.#.##.#
#..........#..###
.
.................#
.P.[..............
###.......P@....#.
#.#.....##..#.##
#......## l## #
..P#...# ..


You could see a komodo dragon.

Vanquished Creatures
  Rupert (Lair:3)
  2 hydras
  Erica (D:9)
  Nergalle (Lair:2)
  A black mamba (Lair:1)
  4 spiny frogs
  A rime drake (Lair:2)
  2 komodo dragons (Lair:1)
  7 blink frogs
  6 hippogriffs
  A wyvern (Lair:1)
  3 yaks (Lair:1)
  2 basilisks
  3 porcupines
  2 hell hounds (D:9)
  2 sky beasts
  2 ice beasts
  2 orc warriors (D:8)
  2 phantoms
  7 ogres
  A centaur (D:7)
  4 crocodiles
  A big kobold (D:7)
  6 bullfrogs
  2 scorpions
  3 killer bees (D:7)
  7 wights
  A howler monkey (D:9)
  A bullfrog zombie (D:7)
  An electric eel (Lair:2)
  7 crimson imps
  2 centaur zombies
  2 jellies
  An orc priest (D:8)
  6 hounds
  3 orc wizards
  A centaur skeleton (D:8)
  5 iguanas
  2 worker ants
  A hound zombie (D:5)
  2 hound skeletons
  2 worker ant zombies
  5 gnolls
  A howler monkey skeleton (D:7)
  8 adders
  A shadow imp (D:9)
  An ooze (D:4)
  An adder zombie (D:7)
  5 worms
  2 dart slugs
  4 leopard geckos
  22 orcs
  9 giant cockroaches
  7 goblins
  6 hobgoblins
  18 jackals
  6 kobolds
  A quokka (D:4)
  A ball python (D:1)
  6 bats
  5 frilled lizards
  A jackal skeleton (D:9)
  7 rats
  3 fungi (Lair:1)
  A plant (D:6)
234 creatures vanquished.

Notes
Turn   | Place    | Note
-------+----------+-------------------------------------------
     0 | D:1      | galech the Minotaur Fighter began the quest for the Orb.
     0 | D:1      | Reached XP level 1. HP: 19/19 MP: 0/0
    40 | D:1      | Reached XP level 2. HP: 19/27 MP: 1/1
   634 | D:1      | Reached XP level 3. HP: 33/33 MP: 2/2
   833 | D:1      | Reached skill level 3 in Axes
  1042 | D:2      | Found a shadowy altar of Dithmenos.
  1092 | D:2      | Reached XP level 4. HP: 40/40 MP: 3/3
  1646 | D:3      | Found a bloodstained altar of Trog.
  1876 | D:4      | Reached skill level 4 in Axes
  1876 | D:4      | Reached skill level 1 in Dodging
  1876 | D:4      | Reached XP level 5. HP: 45/47 MP: 4/4
  1956 | D:4      | Noticed an ogre
  1959 | D:4      | Killed an ogre
  2211 | D:4      | Noticed an ogre
  2216 | D:4      | Killed an ogre
  2216 | D:4      | Reached skill level 5 in Axes
  2216 | D:4      | Reached skill level 5 in Armour
  2216 | D:4      | Reached skill level 5 in Shields
  2216 | D:4      | Reached XP level 6. HP: 53/53 MP: 5/5
  2436 | D:4      | Found a shadowy altar of Dithmenos.
  2439 | D:4      | Found a radiant altar of Vehumet.
  2442 | D:4      | Found a hide-covered altar of Uskayaw.
  2480 | D:5      | Entered Level 5 of the Dungeon
  2544 | D:5      | Found a hazy altar of Hepliaklqana.
  2655 | D:5      | Reached skill level 6 in Axes
  2655 | D:5      | Reached XP level 7. HP: 38/60 MP: 6/6
  2787 | D:5      | Reached skill level 5 in Fighting
  2875 | D:5      | Reached skill level 1 in Stealth
  3046 | D:6      | Reached skill level 7 in Axes
  3109 | D:6      | Found a staircase to the Ecumenical Temple.
  3119 | D:6      | Reached XP level 8. HP: 69/69 MP: 7/7
  3129 | Temple   | Entered the Ecumenical Temple
  3162 | Temple   | Became a worshipper of Makhleb the Destroyer
  3434 | D:6      | Found an opulent altar of Gozag.
  3552 | D:7      | Reached skill level 1 in Invocations
  3565 | D:7      | Found Meriyng's Food Emporium.
  3720 | D:7      | Noticed a hippogriff
  3726 | D:7      | Killed a hippogriff
  3726 | D:7      | Reached skill level 8 in Axes
  3731 | D:7      | Reached * piety under Makhleb
  4268 | D:7      | Reached XP level 9. HP: 78/78 MP: 8/10
  4857 | D:8      | Reached ** piety under Makhleb
  5117 | D:8      | Reached skill level 9 in Axes
  5387 | D:9      | Noticed Erica
  5400 | D:9      | Killed Erica
  5554 | D:9      | Reached XP level 10. HP: 88/88 MP: 12/12
  5739 | D:9      | Found a staircase to the Lair.
  5885 | Lair:1   | Entered Level 1 of the Lair of Beasts
  5890 | Lair:1   | Reached skill level 5 in Invocations
  6017 | Lair:1   | Noticed a black mamba
  6023 | Lair:1   | Killed a black mamba
  6050 | Lair:1   | Reached skill level 10 in Axes
  6122 | Lair:1   | Noticed a spiny frog
  6129 | Lair:1   | Killed a spiny frog
  6233 | Lair:1   | Noticed a spiny frog
  6240 | Lair:1   | Killed a spiny frog
  6240 | Lair:1   | Reached *** piety under Makhleb
  6473 | Lair:1   | Noticed a five-headed hydra
  6477 | Lair:1   | Killed a four-headed hydra
  6496 | Lair:1   | Reached XP level 11. HP: 97/97 MP: 14/14
  7447 | Lair:2   | Reached skill level 10 in Shields
  7456 | Lair:2   | Noticed a six-headed hydra
  7465 | Lair:2   | Killed a two-headed hydra
  7678 | Lair:2   | Noticed Nergalle
  7697 | Lair:2   | Killed Nergalle
  7697 | Lair:2   | Reached skill level 11 in Axes
  7722 | Lair:2   | Reached skill level 10 in Armour
  7776 | Lair:2   | Reached skill level 10 in Fighting
  8865 | Lair:3   | Noticed Rupert
  8879 | Lair:3   | Paralysed by Rupert for 4 turns
  8892 | Lair:3   | Paralysed by Rupert for 5 turns
  8907 | Lair:3   | Killed Rupert
  8912 | Lair:3   | HP: 4/101 [komodo dragon (7)]
  8916 | Lair:3   | Mangled by a komodo dragon

Vault maps used:
D:1:      lemuel_arrival_lava_pool, minmay_octomino_j4
D:2:      grunt_dithmenos_smoke_and_mirrors
D:3:      overflow_temple_1_default
D:4:      grunt_temple_overflow_diamond, first_ration, serial_bayou_lake_a
D:5:      overflow_temple_1_default
D:6:      nicolae_overflow_crystal_walls, minmay_temple_entry_trees,
          serial_bayou_ford_a, kennysheep_generic_room_12
D:7:      serial_shops, shop
D:9:      minmay_lair_entry_lava, uniq_erica
Temple:   nicolae_temple_elliptical
Lair:2:   statuecave_lemuel, uniq_nergalle
Lair:3:   nicolae_swamp_entry_splash_gauntlet, dummy_snake_entry, uniq_rupert

Skill      XL: |  1  2  3  4  5  6  7  8  9 10 11 |
---------------+----------------------------------+-----
Fighting       | 4 5 6 8 9 10 | 10.6
Armour         | 4 5 6 8 9 10 | 10.7
Axes           | 3 4 5 6 7 8 9 10 11 | 11.6
Shields        | 4 5 6 7 8 9 10 | 10.9
Dodging        | 1 2 3 |  3.0
Stealth        | 1 |  1.1
Invocations    | 2 4 6 7 |  7.6

Action                   |  1- 3 |  4- 6 |  7- 9 | 10-12 || total
-------------------------+-------+-------+-------+-------++-------
Melee: War axe           |    87 |    19 |       |       ||   106
       Headbutt          |     7 |    18 |    51 |    74 ||   150
       Hand axe          |       |    87 |   271 |   277 ||   635
       Scimitar          |       |       |       |     8 ||     8
  Use: Scroll            |       |     8 |     6 |       ||    14
  Eat: Chunk             |     1 |     5 |     6 |     7 ||    19
       Ration            |       |       |     1 |     1 ||     2
Armor: Scale mail        |    57 |    12 |       |       ||    69
       Ring mail         |       |    23 |    61 |    66 ||   150
Dodge: Dodged            |    28 |    34 |    74 |    95 ||   231
Block: Shield            |    52 |    51 |   121 |   164 ||   388
       Rpst.: Scimitar   |       |       |       |     1 ||     1

Table legend:
 A = Spawn XP
 B = Non-spawn XP
 C = Spawn XP percentage of total XP
 D = Spawn monster count
 E = Non-spawn monster count
 F = Spawn count percentage of total count
 G = Total turns spent on level
                    A         B        C        D         E        F      G
               +---------+---------+-------+---------+---------+-------+---------
         Total |       0 |   20888 |   0.0 |       0 |     230 |   0.0 |  8916
               +---------+---------+-------+---------+---------+-------+---------
           D:1 |       0 |      48 |   0.0 |       0 |      27 |   0.0 |   875
           D:2 |       0 |      65 |   0.0 |       0 |      20 |   0.0 |   438
           D:3 |       0 |      42 |   0.0 |       0 |      13 |   0.0 |   548
           D:4 |       0 |     381 |   0.0 |       0 |      13 |   0.0 |   619
           D:5 |       0 |     590 |   0.0 |       0 |      22 |   0.0 |   547
           D:6 |       0 |     499 |   0.0 |       0 |      20 |   0.0 |   451
           D:7 |       0 |    1350 |   0.0 |       0 |      23 |   0.0 |  1197
           D:8 |       0 |    1210 |   0.0 |       0 |      29 |   0.0 |   520
           D:9 |       0 |    2232 |   0.0 |       0 |      22 |   0.0 |   623
        Lair:1 |       0 |    5413 |   0.0 |       0 |      20 |   0.0 |  1464
        Lair:2 |       0 |    6104 |   0.0 |       0 |      20 |   0.0 |  1500
        Lair:3 |       0 |    2954 |   0.0 |       0 |       1 |   0.0 |    67
               +---------+---------+-------+---------+---------+-------+---------
